Map: Dusk Towers

Players

capac - Winner!

  • Race: Terran Terran
  • League: Gold

Nexus

  • Race: Zerg Zerg
  • League: Gold

VOD

Have the link to the VOD?

Description

Time

  • Played on: March 10, 2016, 3:26 p.m.
  • Length: 14:56
Show
View Real Time Build Order
Export as new Build Order

capac Terran - Winner!

Build Orders: MMM Bio 

Get SALT Encoding   

  12  0:00  SCV  
  13  0:13  SCV  
  14  0:18  Supply Depot  
  14  0:25  SCV  
  15  0:39  SCV  
  15  0:41  Barracks  
  16  0:47  Refinery  
  16  0:54  SCV  
  17  1:06  SCV  
  18  1:18  SCV  
  19  1:30  SCV  
  19  1:31  Barracks Reactor  
  20  1:37  Command Center  
  20  1:42  SCV  
  21  1:50  Supply Depot  
  21  1:58  Orbital Command  
  21  2:08  Marine x2  
  23  2:25  Barracks, Marine  
  23  2:26  Marine  
  23  2:27  SCV  
  25  2:51  Marine x2  
  26  2:56  SCV  
  29  3:03  Orbital Command  
  28  3:08  SCV  
  28  3:09  Marine x2  
  31  3:15  Refinery, Factory  
  31  3:16  Barracks Tech Lab  
  31  3:18  Barracks  
  31  3:21  SCV  
  32  3:29  SCV  
  33  3:36  SCV  
  34  3:41  SCV  
  34  3:42  Marine x3  
  34  3:44  Stimpack  
  38  3:49  SCV  
  38  3:53  SCV  
  40  3:59  Supply Depot, Marine  
  40  4:00  Factory Tech Lab, Marine x2  
  43  4:04  Starport, Factory Reactor  
  43  4:10  Barracks Reactor  
  43  4:13  Engineering Bay  
  43  4:16  SCV x2  
  45  4:25  Marine x3  
  45  4:28  SCV x2  
  45  4:30  Refinery  
  50  4:40  Supply Depot, SCV  
  50  4:41  SCV  
  52  4:53  Medivac  
  52  4:59  Medivac  
  56  5:00  SCV x2  
  56  5:05  Refinery  
  56  5:06  Marine x4  
  62  5:09  Marine  
  63  5:14  Factory Tech Lab  
  63  5:22  SCV x2  
  63  5:24  Marine x4  
  68  5:47  Combat Shields  
  68  5:48  Supply Depot x2  
  68  5:52  Liberator x2  
  70  6:12  Marine  
  70  6:13  Marine x2  
  73  6:19  Supply Depot  
  73  6:20  Marine x2  
  75  6:30  Supply Depot  
  72  6:41  Marine  
  72  6:42  Marine  
  66  6:49  Marine x3, Liberator x2  
  66  6:50  Siege Tank  
  66  7:01  Marine x2  
  66  7:04  SCV x2  
  66  7:06  Marine  
  72  7:15  Marine x2  
  71  7:19  Marine  
  60  7:34  Siege Tank  
  63  7:41  Marine x3  
  63  7:42  Marine x2  
  68  7:47  SCV  
  68  7:48  SCV  
  68  7:49  Starport, Barracks  
  70  7:51  Barracks  
  67  8:21  Marine  
  67  8:22  Marine x4  
  67  8:23  Command Center  
  67  8:27  Supply Depot, Starport Reactor  
  72  8:28  Medivac  
  74  8:38  Medivac  
  74  8:40  Siege Tank  
  74  8:41  Barracks Reactor  
  79  8:47  Missile Turret, Barracks Reactor  
  79  8:49  Terran Infantry Weapons Level 1  
  70  9:18  Marine x5  
  75  9:29  Medivac x2  
  78  9:35  Marine  
  78  9:36  Marine x2, Liberator x2  
  81  9:43  Marine x2  
  83  9:48  Marine x4  
  87  9:53  Marine x3  
  87  9:57  Liberator x2  
  96  10:00  Marine  
  98  10:07  SCV x2  
  99  10:20  Supply Depot  
  99  10:21  Armory  
  105  10:32  Liberator x2  
  105  10:33  SCV x2  
  105  10:35  Orbital Command  
  107  10:38  Marine x2  
  107  10:41  Marine x6  
  115  10:44  Supply Depot  
  115  10:45  Terran Infantry Armor Level 1  
  121  10:51  Siege Tank  
  124  11:15  Liberator  
  124  11:17  Liberator  
  124  11:23  Engineering Bay, Marine x2, Terran Ship Weapons Level 1  
  124  11:24  Marine x6  
  124  11:25  Command Center  
  138  11:57  Marine x3  
  141  12:13  Terran Infantry Weapons Level 2  
  141  12:36  Marine x5  
  149  12:37  SCV x3  
  142  12:49  SCV x3  
  145  12:53  Marine x2  
  145  12:54  Marine x4  
  148  13:01  SCV x2  
  148  13:04  Marine x3  
  153  13:06  Siege Tank  
  156  13:21  Marine  
  156  13:29  Marine  
  156  13:33  Marine  
  155  13:34  Medivac  
  155  13:36  Medivac  
  156  14:08  Marine x2  
  156  14:11  Marine x4  
  156  14:12  Marine x2, Medivac  
  145  14:25  Marine  
  145  14:26  Marine x2  
  145  14:29  Marine x2  
  156  14:53  Refinery  
  156  14:55  Refinery  
Show
View Real Time Build Order
Export as new Build Order

Nexus Zerg 

Build Orders: Hatch First 

Get SALT Encoding   

  12  0:01  Drone  
  13  0:12  Overlord  
  13  0:20  Drone  
  14  0:31  Drone x2  
  14  0:35  Drone  
  17  0:56  Hatchery  
  16  1:06  Drone  
  16  1:07  Drone  
  16  1:10  Extractor  
  17  1:15  Spawning Pool  
  16  1:20  Drone  
  16  1:23  Drone  
  18  1:29  Drone  
  19  1:39  Overlord  
  19  2:02  Queen  
  19  2:04  Zergling x4  
  19  2:07  Queen  
  25  2:13  Drone  
  25  2:15  Overlord  
  26  2:19  Drone  
  27  2:41  Drone x4  
  31  2:44  Drone  
  31  2:46  Queen  
  34  2:55  Drone x2  
  34  2:58  Metabolic Boost  
  36  3:04  Roach Warren  
  35  3:16  Drone  
  35  3:18  Overlord x2  
  36  3:34  Overlord  
  36  3:36  Overlord  
  36  3:37  Hatchery, Drone  
  36  3:38  Drone  
  37  3:42  Extractor  
  36  3:59  Roach x6  
  48  4:04  Drone x2  
  48  4:09  Extractor  
  49  4:20  Roach x2  
  49  4:21  Roach x2  
  57  4:29  Drone x4  
  61  4:39  Roach x2  
  65  4:59  Lair  
  65  5:04  Evolution Chamber  
  65  5:05  Ravager x3  
  65  5:06  Overlord x2  
  67  5:16  Roach x3  
  67  5:17  Overlord  
  73  5:25  Queen  
  73  5:27  Drone x2  
  76  5:52  Zerg Missile Weapons Level 1  
  76  5:53  Roach x6  
  78  6:10  Ravager  
  78  6:11  Ravager  
  78  6:13  Ravager  
  78  6:15  Roach x3  
  85  6:21  Drone x7  
  84  6:43  Zergling x12  
  84  6:44  Zergling x8  
  77  6:54  Zergling x4  
  77  6:55  Zergling x6  
  61  7:11  Ravager x3  
  58  7:32  Roach x6  
  70  7:42  Queen  
  72  7:44  Roach  
  62  8:32  Drone  
  62  8:33  Zergling x6  
  66  8:51  Drone x10  
  66  8:54  Extractor  
  75  8:55  Extractor  
  49  9:50  Zergling x12  
  49  9:51  Zergling x36  
  73  10:01  Overlord x2  
  73  10:15  Hatchery  
  72  10:22  Hatchery  
  71  10:35  Infestation Pit  
  70  10:48  Roach x9  
  70  10:49  Roach x9  
  103  11:11  Roach  
  103  11:13  Overlord x3  
  105  11:18  Pathogen Glands  
  105  11:39  Infestor x2  
  109  11:47  Queen  
  109  11:51  Queen  
  113  12:25  Roach x14  
  113  12:27  Overlord  
  113  12:28  Overlord  
  112  12:45  Roach x6  
  124  12:53  Ravager  
  124  12:58  Ravager  
  124  12:59  Ravager  
  124  13:00  Ravager  
  124  13:02  Roach x3  
  133  13:05  Ravager x3  
  133  13:06  Ravager x2  
  104  13:39  Roach x4  
  104  13:40  Roach x5  
  116  13:42  Ravager  
  116  13:43  Ravager  
  116  13:44  Ravager  
  108  14:16  Zergling x2  
  108  14:17  Zergling x26  
  60  14:36  Zergling x16  
Tags
 
Composition
MMM Bio
League
GoldGold
Matchup
TvZ
Add a new tag
Caveats
  • Supply blocks, unpowered buildings, or Contaminate may cause inaccurate times.
  • Supply counts are checked every 10 seconds.